cohdb
Replays
Latest Replays
All Replays
Popular Replays
Top Player Replays
Match Explorer
How It Works
Community
CoH3 Stats
Reddit
Sign in to upload your games and track your stats! →
Sign in with Steam
Match 47142509
Unlisted
Match 47142509
Overview
Messages
Build Orders
End
Construct Infanterie Kompanie
Selects Breakthrough Battlegroup
Selects Assault Grenadiers
MG 42 Machine Gun Team
Grenadier Squad
Grenadier Squad
Selects 2.5-tonne Cargo Truck
Construct Panzergrenadier Kompanie
Forward Retreat Point
Medical Bunker
Construct Panzer Kompanie
2.5-tonne Cargo Truck
Panzer IV Medium Tank
Selects Smoke Bombing Run
Selects Incendiary Bombing Run
Panzer IV Medium Tank
Incendiary Bombing Run
Side Skirts
Stoßtruppen Squad
Smoke Bombing Run
Selects Blitzkrieg
Panzer IV Medium Tank
Pak 40 Anti-tank Gun Team
Panzer IV Medium Tank
Incendiary Bombing Run
Smoke Bombing Run
Selects Tiger Heavy Tank
Tiger Heavy Tank
Incendiary Bombing Run
Construct Luftwaffe Kompanie
Incendiary Bombing Run
Tiger Heavy Tank
Incendiary Bombing Run
Support Elements
foxtro52
baked potato
Alwaysapotato
3861387935
FestiveLongJohns
Rocket
Mowferless
+qFierro
0
0
Comments
sign in to comment!
No comments posted yet!